 Dungeon Crawl Stone Soup version 0.30-a0-121-gb27577e5d9 (webtiles) character file.

Game seed: 16171618814196043118

59 bande the Trooper (level 4, -2/40 HPs)
             Began as a Hill Orc Fighter on Sept 14, 2022.
             Engulfed by a cloud of flame (18 damage)
             ... on level 2 of the Dungeon.
             The game lasted 00:02:10 (1747 turns).

bande the Trooper (Hill Orc Fighter)                Turns: 1747, Time: 00:02:11

Health: -2/40      AC:  7    Str: 18    XL:     4   Next: 3%
Magic:  4/4        EV:  9    Int:  8    God:
Gold:   48         SH:  4    Dex: 12    Spells: 3/3 levels left

rFire   . . .      SeeInvis .    a - +0 war axe
rCold   . . .      Faith    .    c - +0 buckler
rNeg    . . .      Spirit   .    b - +0 scale mail
rPois   .          Reflect  .    (no helmet)
rElec   .          Harm     .    (no cloak)
rCorr   .          Rampage  .    (no gloves)
Will    .....                    (no boots)
Stlth   ..........               (no amulet)
HPRegen 0.13/turn                (no ring)
MPRegen 0.09/turn                (no ring)

@: no status effects
A: no striking features
a: no special abilities


You were on level 2 of the Dungeon.
You visited 1 branch of the dungeon, and saw 2 of its levels.

You collected 48 gold pieces.

Inventory:

Hand Weapons
 a - a +0 war axe (weapon)
Armour
 b - a +0 scale mail (worn)
 c - a +0 buckler (worn)
Jewellery
 f - a +6 ring of dexterity
 j - a ring of magical power
Scrolls
 g - a scroll of torment {unknown}
 h - a scroll of identify {unknown}
 k - a scroll of teleportation {unknown}
Potions
 d - a potion of might
 e - a potion of flight {unknown}
 i - a potion of berserk rage {unknown}


   Skills:
 + Level 4.2 Fighting
 + Level 4.0 Axes
 + Level 3.7 Armour
 + Level 3.7 Shields


You had 3 spell levels left.
You didn't know any spells.
Your spell library was empty.

Dungeon Overview and Level Annotations

Branches:
Dungeon (2/15)

Altars:


Message History

The endoplasm hits you but does no damage.
The endoplasm closely misses you.
You completely miss the endoplasm. The endoplasm freezes you.
You are frozen.
You hit the endoplasm.
The endoplasm is moderately wounded.
The endoplasm closely misses you.
You hit the endoplasm but do no damage.
The endoplasm is moderately wounded.
The endoplasm barely misses you.
You hit the endoplasm but do no damage.
The endoplasm is moderately wounded.
The endoplasm freezes you.
You are frozen.
The endoplasm hits you.
An endoplasm is nearby!
An endoplasm is nearby!
You slash the endoplasm!
You kill the endoplasm!
HP restored.
A frilled lizard comes into view.
The frilled lizard hisses angrily.
A frilled lizard is nearby!
You slash the frilled lizard!
You kill the frilled lizard!
No target in view!
No target in view!
No target in view!
No target in view!
No target in view!
Found 6 stones.
You see here 6 stones.
You're in a travel-excluded area, stopping explore.
No target in view!
No target in view!
You're in a travel-excluded area, stopping explore.
You are engulfed in blazing flames.
Ouch! That really hurt!
You are engulfed in blazing flames.
You die...

#.## ##.# #..# ##.#
#...# #..# #○§☼# #.##
#○§§# #.# #§☼§# #.#
######...#####.#
##.○☼☼.(.[.§☼§..#
#..§@§./[...§○..#
#..§§§...!..☼○..#
#.#####...#####.# #.#
#.§§# #.# #.# #○☼§#
#.# #.# #☼§§# #.# #.#
#...#####.####
#.#####.........#..##
#............#...#..#


There were no monsters in sight!

Vanquished Creatures
  An adder (D:2)
  A worm (D:2)
  2 dart slugs
  5 ball pythons
  5 bats
  6 endoplasms
  2 giant cockroaches (D:2)
  2 goblins (D:1)
  3 hobgoblins
  2 jackals (D:1)
  2 quokkas
  4 frilled lizards
  3 kobolds (D:1)
  4 rats
42 creatures vanquished.

Vanquished Creatures (others)
  A kobold (D:2)
1 creature vanquished.

Grand Total: 43 creatures vanquished

Notes
Turn   | Place    | Note
-------+----------+-------------------------------------------
     0 | D:1      | bande the Hill Orc Fighter began the quest for the Orb.
     0 | D:1      | Reached XP level 1. HP: 19/19 MP: 1/1
   138 | D:1      | Reached XP level 2. HP: 19/27 MP: 2/2
   581 | D:1      | Reached XP level 3. HP: 22/33 MP: 3/3
  1501 | D:2      | Reached XP level 4. HP: 40/40 MP: 4/4
  1747 | D:2      | Engulfed by a cloud of flame

Illustrated notes

Levels and vault maps discovered:
D:1:      sevenhm_arrival_forest_fort_large_2, layout_rooms,
          palyth_stone_intersect, minmay_tromino_mix6
D:2:      layout_rooms, lemuel_flame_loot_1

Skill      XL: |  1  2  3 |
---------------+----------+-----
Fighting       | 4 |  4.2
Axes           | 3 4 |  4.0
Armour         | |  3.7
Shields        | |  3.7

Action                   |  1- 3 |  4- 6 || total
-------------------------+-------+-------++-------
Melee: War axe           |   102 |     7 ||   109
Armor: Scale mail        |    46 |     1 ||    47
Dodge: Dodged            |    54 |     3 ||    57
Block: Buckler           |    25 |       ||    25

Table legend: (Time is in decaauts)
 A = Elapsed time spent in this place.
 B = Non-inter-level travel time spent in this place.
 C = Inter-level travel time spent in this place.
 D = Time resting spent in this place.
 E = Time spent auto-exploring this place.
 F = Levels seen in this place.
 G = Mean time per level.
                   A        B        C        D        E       F      G
               +--------+--------+--------+--------+--------+-----+--------+
         Total |   1786 |   1745 |     41 |    292 |   1176 |   2 |  893.0 |
       Dungeon |   1786 |   1745 |     41 |    292 |   1176 |   2 |  893.0 |
               +--------+--------+--------+--------+--------+-----+--------+

Top non-repeatable levels by time:
     D:1: 908 daAuts
     D:2: 877 daAuts
